 Dungeon Crawl Stone Soup version 0.27.1-2-g3b301248ec (webtiles) character file.

Game seed: 7153089170992308507

10357 Zdeegee the Blocker (level 11, -14/97 HPs)
             Began as a Minotaur Fighter on Oct 2, 2021.
             Was a High Priest of Okawaru.
             Demolished by a phantasmal warrior (26 damage)
             ... led by a death knight
             ... on level 13 of the Dungeon.
             The game lasted 00:25:24 (11265 turns).

Zdeegee the Blocker (Minotaur Fighter)             Turns: 11265, Time: 00:25:25

Health: -14/97     AC: 19    Str: 23    XL:     11   Next: 35%
Magic:  14/14      EV:  7    Int:  5    God:    Okawaru [*****.]
Gold:   241        SH: 17    Dex: 11    Spells: 10/10 levels left

rFire    . . .     SeeInvis .   T - +3 war axe
rCold    . . .     Faith    .   c - +0 kite shield
rNeg     + . .     Spirit   .   x - +0 plate armour
rPois    .         Reflect  +   (helmet restricted)
rElec    .         Harm     .   (no cloak)
rCorr    .         Rampage  .   P - +0 pair of gloves
Will     .....                  (no boots)
Stlth    ..........             q - amulet of reflection
HPRegen  0.26/turn              m - +4 ring of protection
MPRegen  0.14/turn              S - ring of positive energy

@: about to teleport, weak-willed, slowed, very slow
A: horns 2, retaliatory headbutt
a: Renounce Religion, Heroism, Finesse


You were on level 13 of the Dungeon.
You worshipped Okawaru.
Okawaru was extremely pleased with you.
You visited 2 branches of the dungeon, and saw 12 of its levels.

You collected 316 gold pieces.
You spent 75 gold pieces at shops.

Inventory:

Hand Weapons
 a - a +1 war axe
 K - the +4 long sword of Munoih {pain, rElec}
   (You found it on level 8 of the Dungeon)

   In the hands of one skilled in necromantic magic, it inflicts extra damage on
   living creatures.
   rElec:     It insulates you from electricity.
 T - a +3 war axe (weapon)
Missiles
 A - 32 poisoned darts
 M - 4 throwing nets (quivered)
Armour
 b - a +0 scale mail
 c - a +0 kite shield (worn)
 x - a +0 plate armour (worn)
 G - +0 steam dragon scales
 P - a +0 pair of gloves (worn)
Jewellery
 m - a +4 ring of protection (left hand)
 q - an amulet of reflection (around neck)
 w - a +6 ring of intelligence
 H - an amulet of the acrobat
 R - an amulet of faith
 S - a ring of positive energy (right hand)
Wands
 n - a wand of acid (8)
 v - a wand of digging (6)
 B - a wand of iceblast (21)
 D - a wand of paralysis (11)
 L - a wand of flame (11)
 N - a wand of polymorph (3)
 Q - a wand of charming (7)
Scrolls
 f - 2 scrolls of identify
 g - a scroll of fog
 h - a scroll of teleportation
 i - a scroll of fear
 j - a scroll of silence {unknown}
 k - a scroll of blinking {unknown}
 l - 2 scrolls of enchant weapon
 r - a scroll of magic mapping
 s - a scroll of enchant armour {unknown}
 u - 2 scrolls of noise
 y - a scroll of brand weapon {unknown}
 z - a scroll of amnesia {unknown}
 I - a scroll of vulnerability {unknown}
Potions
 d - 3 potions of might
 e - 2 potions of flight
 o - 2 potions of curing
 p - 2 potions of ambrosia
 t - 2 potions of brilliance
 C - a potion of mutation
 E - a potion of invisibility
 F - a potion of attraction
 J - 2 potions of heal wounds {unknown}
 O - a potion of haste {unknown}


   Skills:
 * Level 9.5 Fighting
 + Level 10.7 Axes
 * Level 9.6 Armour
 + Level 3.3 Dodging
 + Level 2.0 Stealth
 * Level 11.3 Shields
 + Level 0.2 Unarmed Combat
 * Level 6.0 Invocations


You had 10 spell levels left.
You didn't know any spells.
Your spell library contained the following spells:

 Spells                   Type           Power      Damage    Failure   Level
 Slow                     Hex            0%         N/A       100%        2
 Sublimation of Blood     Necr           0%         N/A       100%        2
 Confusing Touch          Hex            0%         N/A       100%        3
 Stone Arrow              Conj/Erth      0%         3d7       100%        3
 Fireball                 Conj/Fire      0%         3d3       100%        5
 Yara's Violent Unravell  Hex/Tmut       0%         3d3       100%        5
 Iron Shot                Conj/Erth      0%         9d1       100%        6
 Starburst                Conj/Fire      0%         6d3       100%        6
 Ignition                 Fire           0%         3d3       100%        8
 Shatter                  Erth           0%         3d5*      100%        9


Dungeon Overview and Level Annotations

Branches:
Dungeon (13/15)            Temple (1/1) D:4             Orc (0/2) D:10
 Vaults (0/5) D:13
   Lair: D:8-11

Altars:
Ashenzari
Dithmenos
Elyvilon
Fedhas
Gozag
Hepliaklqana
Kikubaaqudgha
Makhleb
Nemelex Xobeh
Okawaru
Qazlal
Ru
Sif Muna
Trog
Uskayaw
Vehumet
Wu Jian
Xom
Zin
The Shining One

Shops:
D:3 ?   D:8 :[**!   D:9 [

Annotations:
D:9 3 runed translucent doors, SquidGame's ghost, journeyman TeBe
D:10 Erolcha


Innate Abilities, Weirdness & Mutations

You have a pair of horns on your head.
You reflexively headbutt those who attack you in melee.


Message History

You now have 241 gold pieces (gained 19).
You open the door.
There is an open door here.
A freezing wraith and a phantasmal warrior come into view.
There are monsters nearby!
There are monsters nearby!
A death knight comes into view.
It is wielding a +3 battleaxe. 2 phantasmal warriors come into view.
Found an escape hatch in the ceiling.
The phantasmal warrior blinks! x2
You block the phantasmal warrior's attack.
The phantasmal warrior blinks!
The freezing wraith hits you but does no damage.
The freezing wraith hits you! The freezing wraith drains your vigour!
You feel yourself slow down.
You hit the phantasmal warrior but do no damage.
You hit the freezing wraith. The phantasmal warrior hits you!
The phantasmal warrior blinks!
The freezing wraith hits you! The freezing wraith freezes you!
The freezing wraith hits you.
You barely miss the freezing wraith.
The freezing wraith is lightly damaged.
You hit the death knight but do no damage.
The death knight hits you but does no damage.
You slash the phantasmal warrior!
You headbutt the phantasmal warrior, but do no damage.
The phantasmal warrior is lightly damaged.
You hit the phantasmal warrior but do no damage.
Your plate armour prevents you from hitting the death knight.
You block the phantasmal warrior's attack.
You block the death knight's attack. The phantasmal warrior hits you!!
Your willpower is stripped away!
The phantasmal warrior hits you!!
* * * LOW HITPOINT WARNING * * *
The death knight hits you with a +3 battleaxe.
* * * LOW HITPOINT WARNING * * *
The phantasmal warrior closely misses you.
The phantasmal warrior blinks! x2
As you read the scroll of teleportation, it crumbles to dust.
You feel strangely unstable. You block the death knight's attack.
You block the phantasmal warrior's attack.
The phantasmal warrior hits you!!
You die...

#....###..'........
#....#...##........
#####......####...^....
.........### #........
####....# #........
#....# #........ #....#
######+## #.WW.# ##@.##
##p# #..WW...#
#..W....# #.......#
#......... ........#.#
##...<...#.+ #.......#
#


You could see a death knight, 2 phantasmal warriors and a freezing wraith.

Vanquished Creatures
  An ironbound preserver (D:13)
  Harold (D:8)
  Nergalle (D:9)
  Maggie (D:6)
  Psyche (D:9)
  A troll (D:9)
  2 hornets (D:9)
  A slime creature (D:13)
  A shadow (D:8)
  15 yaks
  A wyvern (D:8)
  3 steam dragons
  Menkaure (D:6)
  3 orc warriors
  An ice beast (D:7)
  2 sky beasts
  A black bear (D:4)
  4 ogres
  A necrophage (D:5)
  2 centaurs
  Blork the orc (D:6)
  2 kobold brigands (D:10)
  2 bullfrogs
  2 gnoll sergeants (D:10)
  2 scorpions
  6 killer bees (D:9)
  16 wights
  4 howler monkeys
  3 centaur zombies
  3 hounds
  2 orc priests
  3 jellies
  2 gnoll shamans
  A bullfrog skeleton (D:4)
  Ijyb (D:4)
  A scorpion zombie (D:5)
  An iguana (D:5)
  4 orc wizards
  A hound skeleton (D:4)
  2 howler monkey zombies (D:9)
  11 gnolls
  6 adders
  A shadow imp (D:8)
  A white imp (D:6)
  2 adder skeletons
  2 dart slugs (D:3)
  A worm (D:2)
  26 orcs
  6 endoplasms
  5 giant cockroaches
  4 goblins
  2 hobgoblins
  4 jackals (D:2)
  3 quokkas
  5 ball pythons
  4 bats
  5 frilled lizards
  10 kobolds
  9 rats
210 creatures vanquished.

Vanquished Creatures (others)
  A kobold brigand (D:9)
  2 plants (D:9)
3 creatures vanquished.

Grand Total: 213 creatures vanquished

Notes
Turn   | Place    | Note
-------+----------+-------------------------------------------
     0 | D:1      | Zdeegee the Minotaur Fighter began the quest for the Orb.
     0 | D:1      | Reached XP level 1. HP: 19/19 MP: 0/0
   174 | D:1      | Reached XP level 2. HP: 27/27 MP: 1/1
   220 | D:1      | Found a faded altar of an unknown god.
   531 | D:1      | You fall into a shaft and drop 1 floor!
   541 | D:2      | Reached skill level 4 in Shields
   574 | D:2      | Reached XP level 3. HP: 30/33 MP: 2/2
  1392 | D:2      | Found a hazy altar of Hepliaklqana.
  1626 | D:3      | Reached XP level 4. HP: 40/40 MP: 3/3
  1759 | D:3      | Got Gebatap's Tome of Dusty Necromancy
  1859 | D:3      | Found Zetyom's Magic Scroll Shop.
  1867 | D:3      | Bought a scroll of teleportation for 39 gold pieces
  2211 | D:4      | Noticed Ijyb
  2225 | D:4      | Killed Ijyb
  2226 | D:4      | Reached XP level 5. HP: 39/47 MP: 4/4
  2304 | D:4      | Found a staircase to the Ecumenical Temple.
  2313 | Temple   | Entered the Ecumenical Temple
  2383 | Temple   | Became a worshipper of Warmaster Okawaru
  2494 | D:4      | Noticed a black bear
  2506 | D:4      | Reached skill level 1 in Dodging
  2509 | D:4      | Killed a black bear
  2510 | D:4      | Reached XP level 6. HP: 45/53 MP: 5/5
  2607 | D:4      | Reached skill level 1 in Invocations
  2643 | D:4      | Reached * piety under Okawaru
  2823 | D:5      | Entered Level 5 of the Dungeon
  2830 | D:5      | Reached skill level 5 in Shields
  2857 | D:5      | Reached skill level 5 in Axes
  2900 | D:5      | Reached skill level 5 in Fighting
  2900 | D:5      | Reached skill level 5 in Armour
  2996 | D:5      | Reached XP level 7. HP: 54/61 MP: 7/7
  3270 | D:5      | Reached skill level 6 in Shields
  3506 | D:5      | Found a sacrificial altar of Ru.
  3796 | D:6      | Reached ** piety under Okawaru
  3999 | D:6      | Reached skill level 7 in Shields
  4110 | D:6      | Found a hazy altar of Hepliaklqana.
  4111 | D:6      | Noticed a steam dragon
  4156 | D:6      | Killed a steam dragon
  4157 | D:6      | Reached skill level 1 in Stealth
  4157 | D:6      | Reached XP level 8. HP: 16/69 MP: 8/8
  4460 | D:6      | Noticed Menkaure
  4465 | D:6      | Killed Menkaure
  4736 | D:6      | Noticed Blork the orc
  4737 | D:6      | Noticed Maggie
  4744 | D:6      | Killed Blork the orc
  4752 | D:6      | Killed Maggie
  5057 | D:6      | Found a shadowy altar of Dithmenos.
  5490 | D:7      | Reached *** piety under Okawaru
  5503 | D:7      | Reached XP level 9. HP: 71/78 MP: 10/10
  5819 | D:7      | Found a glowing silver altar of Zin.
  6024 | D:7      | Found a bloodstained altar of Trog.
  6246 | D:8      | Found Veusad's Distillery.
  6249 | D:8      | Bought a potion of curing for 36 gold pieces
  6329 | D:8      | Reached skill level 8 in Shields
  6342 | D:8      | Found Zanir's Assorted Antiques.
  6437 | D:8      | Found Diug's Armour Emporium.
  6438 | D:8      | Found Awilirol's Book Boutique.
  6592 | D:8      | Identified the +4 long sword of Munoih {pain, rElec}
  6716 | D:8      | Found Cuqai's General Store.
  6722 | D:8      | Reached **** piety under Okawaru
  6836 | D:8      | Noticed Harold
  6906 | D:8      | Killed Harold
  6906 | D:8      | Received a gift from Okawaru
  6907 | D:8      | Reached skill level 9 in Shields
  7080 | D:9      | Noticed SquidGame's ghost (journeyman TeBe)
  7080 | D:9      | Found a runed translucent gate.
  7080 | D:9      | Found a runed translucent gate.
  7081 | D:9      | Found a runed translucent gate.
  7109 | D:9      | Noticed a nine-headed hydra
  7143 | D:9      | Reached XP level 10. HP: 40/88 MP: 12/12
  7148 | D:9      | HP: 1/86 [wight (8)]
  7460 | D:9      | Paralysed by a hornet for 1 turns
  7466 | D:9      | Reached skill level 5 in Invocations
  7770 | D:9      | Noticed Psyche
  7781 | D:9      | Killed Psyche
  7861 | D:9      | Paralysed by a hornet for 3 turns
  8170 | D:9      | Found a sparkling altar of Nemelex Xobeh.
  8178 | D:9      | Paralysed by a hornet for 2 turns
  8184 | D:9      | Reached ***** piety under Okawaru
  8311 | D:9      | Found a broken altar of Ashenzari.
  8486 | D:9      | Found Koggit's Armour Boutique.
  8539 | D:9      | Reached skill level 10 in Shields
  8901 | D:9      | Found a stormy altar of Qazlal.
  9309 | D:10     | Entered Level 10 of the Dungeon
  9328 | D:10     | Noticed Nergalle
  9454 | D:10     | Identified the +2 dagger "Beetlebane" {drain, rN++ rCorr
                  | Str-5} (Okawaru gifted it to you on level 10 of the
                  | Dungeon)
  9454 | D:10     | Received a gift from Okawaru
  9472 | D:9      | Killed Nergalle
  9473 | D:9      | Reached skill level 10 in Axes
  9499 | D:9      | Reached XP level 11. HP: 68/97 MP: 14/14
  9633 | D:10     | Noticed Erolcha
  9635 | D:10     | Reached skill level 11 in Shields
 10396 | D:10     | Found a staircase to the Orcish Mines.
 10726 | D:10     | You fall into a shaft and drop 3 floors!
 10726 | D:13     | Noticed an ironbound preserver
 10726 | D:13     | Found a gate to the Vaults.
 10745 | D:13     | Killed an ironbound preserver
 10745 | D:13     | Received a gift from Okawaru
 11032 | D:13     | Noticed a phantasmal warrior
 11257 | D:13     | Noticed a phantasmal warrior
 11258 | D:13     | Noticed a death knight
 11259 | D:13     | Noticed a phantasmal warrior
 11259 | D:13     | Noticed a phantasmal warrior
 11265 | D:13     | Demolished by a phantasmal warrior

Illustrated notes

Levels and vault maps discovered:
D:1:      amcnicky_arrival_double_pillar, layout_basic,
          ebering_ecumenical_altar_ruins, minmay_misc_feat_diagonals
D:2:      layout_rooms, basic_altar
D:3:      layout_basic, serial_shops, shop
D:4:      layout_rooms, minmay_temple_entry_offerings, uniq_ijyb
D:5:      layout_loops_ring, lemuel_crystal_altar, st_stairs_7
D:6:      layout_basic, riverfiend_overflow_shadow_ancestor, patterned_corridor,
          uniq_maggie, uniq_blork_the_orc, uniq_menkaure
D:7:      layout_gridville, zin_treasury, lightli_temple_of_fire,
          kennysheep_decorative_pillar
D:8:      layout_basic, serial_shops, nicolae_take_the_stairs, shop_fountains,
          nicolae_shop_stone, shop, shop, uniq_harold
D:9:      layout_cross, grunt_qazlal_sundering,
          mainiacjoe_overflow_catch_the_wave, gammafunk_ghost_hydra_chop,
          serial_shops, nicolae_diamond_shop, uniq_psyche
D:10:     layout_rooms, gammafunk_temple_overflow_elements,
          kennysheep_orc_monster_closet_entryway, uniq_nergalle, uniq_erolcha
D:13:     layout_roguey, skrybe_vaults_entry_preservation
Temple:   nicolae_temple_x_marks_the_god

Skill      XL: |  1  2  3  4  5  6  7  8  9 10 11 |
---------------+----------------------------------+-----
Axes           | 3 4 5 6 7 8 10 | 10.7
Armour         | 4 5 6 8 9 |  9.6
Shields        | 4 5 7 9 10 11 | 11.3
Fighting       | 4 5 6 7 9 |  9.5
Dodging        | 1 2 3 |  3.3
Invocations    | 1 2 3 4 5 6 |  6.0
Stealth        | 1 2 |  2.0
Unarmed Combat | |  0.2

Action                   |  1- 3 |  4- 6 |  7- 9 | 10-12 || total
-------------------------+-------+-------+-------+-------++-------
Melee: War axe           |    95 |   129 |   225 |   269 ||   718
       Headbutt          |     8 |    21 |    59 |    61 ||   149
       Unarmed           |       |       |     4 |       ||     4
Invok: Heroism           |       |       |     3 |     1 ||     4
       Finesse           |       |       |       |     1 ||     1
Evoke: Wand              |       |       |     1 |       ||     1
  Use: Scroll            |     1 |     4 |     7 |     5 ||    17
       Potion            |       |       |     1 |     3 ||     4
 Stab: Paralysed         |       |       |     5 |       ||     5
Armor: Scale mail        |    50 |    45 |    45 |    68 ||   208
       Plate armour      |       |       |       |    52 ||    52
Dodge: Dodged            |    33 |    29 |    62 |    79 ||   203
Block: Kite shield       |    60 |   126 |   176 |   293 ||   655
       Reflection        |       |     1 |     1 |    10 ||    12
